 Dungeon Crawl Stone Soup version 0.18.1-48-g4cf74bf (webtiles) character file.

5308 sdOOK the Blocker (level 10, -1/74 HPs)
             Began as a Human Fighter on Aug 23, 2016.
             Was a Believer of the Shining One.
             Slain by a black mamba (11 damage)
             ... on level 3 of the Lair of Beasts on Aug 24, 2016.
             The game lasted 01:09:49 (9111 turns).

sdOOK the Blocker (Human Fighter)                   Turns: 9111, Time: 01:09:49

Health: -1/74      AC: 22    Str: 19    XL:     10   Next: 95%
Magic:  10/10      EV:  9    Int:  9    God:    the Shining One [**....]
Gold:   387        SH: 14    Dex: 19    Spells: 0 memorised, 9 levels left

rFire  . . .     SeeInvis .     p - +3 flail (protect)
rCold  . . .     Gourm    .     I - +0 chain mail
rNeg   + . .     Faith    .     c - +2 shield
rPois  .         Spirit   .     D - +0 helmet
rElec  .         Dismiss  .     (no cloak)
rCorr  .         Reflect  .     (no gloves)
SustAt .         Harm     .     O - +0 pair of boots
MR     .....                    (no amulet)
Stlth  ..........               r - +5 ring of protection
                                f - +6 ring of dexterity

@: lethally poisoned (-1 -> -21), glowing, not resistant to hostile
enchantments, extremely unstealthy
A: no striking features
a: Divine Shield, Renounce Religion


You were on level 3 of the Lair of Beasts.
You worshipped the Shining One.
The Shining One was pleased with you.
You were not hungry.

You visited 2 branches of the dungeon, and saw 13 of its levels.

You collected 387 gold pieces.

Inventory:

Hand Weapons
 a - a +0 long sword
 e - a +0 long sword
 g - a +0 dagger
 n - a +0 spear
 p - a +3 flail of protection (weapon)
 y - a +0 short sword
 z - a +0 hunting sling
 B - a +0 hunting sling
 H - a +0 vampiric falchion
 L - a cursed +2 scimitar
 M - a +3 spear
 N - a cursed -2 blowgun
 P - a +0 short sword of protection
Missiles
 i - 199 stones
 j - 75 poisoned needles
 k - 170 arrows
 o - 23 sling bullets
 t - 41 bolts
 G - 5 tomahawks (quivered)
Armour
 b - a +0 scale mail
 c - a +2 shield (worn)
 l - a +0 leather armour
 w - a +0 ring mail
 C - a +0 animal skin
 D - a +0 helmet (worn)
 I - a +0 chain mail (worn)
 O - a +0 pair of boots (worn)
Magical Staves
 m - an uncursed staff of poison {unknown}
Jewellery
 f - a +6 ring of dexterity (left hand)
 r - a +5 ring of protection (right hand)
 J - an uncursed ring of loudness
Wands
 x - a wand of flame (10/48)
 F - a wand of teleportation (4/9)
 K - a wand of lightning (5/15)
Scrolls
 h - 6 scrolls of identify
 s - 2 scrolls of remove curse
 Q - a scroll of amnesia
Potions
 u - a potion of magic
 A - 2 potions of brilliance
Books
 q - a book of Flames

   Spells                             Type                      Level
   a - Flame Tongue                   Conjuration/Fire             1
   b - Throw Flame                    Conjuration/Fire             2
   c - Conjure Flame                  Conjuration/Fire             3
   d - Inner Flame                    Hexes/Fire                   3
   e - Sticky Flame                   Conjuration/Fire             4
   f - Fireball                       Conjuration/Fire             5
 E - a book of Cantrips

   Spells                             Type                      Level
   a - Corona                         Hexes                        1
   b - Animate Skeleton               Necromancy                   1
   c - Summon Small Mammal            Summoning                    1
   d - Apportation                    Translocation                1
Comestibles
 d - 4 meat rations


   Skills:
 + Level 5.5 Fighting
 + Level 2.6 Long Blades
 * Level 8.1 Maces & Flails
 - Level 0.6 Polearms
 + Level 1.2 Throwing
 + Level 6.1 Armour
 + Level 5.0 Dodging
 * Level 9.9 Shields


You had 9 spell levels left.
You didn't know any spells.

Dungeon Overview and Level Annotations

Branches:
Dungeon (11/15)              Lair (3/8) D:11
 Temple: D:4-7        Swamp: Lair:3-6    Shoals: Lair:3-6     Snake: Lair:3-6
 Spider: Lair:3-6       Orc: D:9-12

Altars:
Ashenzari
Pakellas
Qazlal
Sif Muna
Vehumet
Yredelemnul
The Shining One

Annotations:
D:3 1 exclusion


Message History

* * * LOW HITPOINT WARNING * * *
You feel sick. You block the black mamba's attack.
You block the porcupine's attack.
You sock the black mamba!
The black mamba is almost dead.
* * * LOW HITPOINT WARNING * * *
You feel very sick. The black mamba bites you!
The Shining One protects you from harm! You block the black mamba's attack.
The porcupine bites you but does no damage.
You fail to use your ability.
* * * LOW HITPOINT WARNING * * *
You feel sick. You block the black mamba's attack.
You block the porcupine's attack. You block the black mamba's attack.
You hit the black mamba.
The black mamba is almost dead.
* * * LOW HITPOINT WARNING * * *
You feel sick. The black mamba bites you!
You die...

.....# .....# .
###....###..
.###P#.........
...............
...............
...............
#.r@...#
##.S..##
#.....#
##......
........
##.....P...
#....##...
#....# ..#


You could see a black mamba and a porcupine.

Vanquished Creatures
  2 unseen horrors (D:10)
  The ghost of Xelenos the Skirmisher, a novice MiCK of Xom (D:5)
  A troll (D:8)
  A two-headed ogre (D:8)
  Grinder (D:5)
  A yak (Lair:1)
  A wyvern (D:10)
  A hippogriff (D:8)
  Duvessa (D:4)
  A water moccasin (Lair:1)
  2 black bears (D:10)
  An orc warrior (D:6)
  An ice beast (D:8)
  An ogre (D:4)
  A wasp (D:10)
  A centaur (D:10)
  A crocodile (Lair:1)
  9 big kobolds (D:8)
  2 giant frogs
  Dowan (D:4)
  A scorpion (D:4)
  3 killer bees (D:10)
  4 wights (D:8)
  2 crimson imps
  A giant frog zombie (D:3)
  3 jellies
  3 hounds
  2 orc priests (D:6)
  3 giant frog skeletons
  Ijyb (D:3)
  4 worker ants
  2 hound skeletons
  A worker ant zombie (D:10)
  Robin (D:4)
  8 adders
  3 gnolls (D:4)
  An ooze (D:1)
  An adder skeleton (D:6)
  4 worms
  4 dart slugs
  3 giant geckos
  19 orcs
  9 bats
  4 giant cockroaches
  17 goblins
  12 hobgoblins
  9 jackals
  24 kobolds
  7 quokkas
  3 ball pythons
  A ball python skeleton (D:5)
  3 giant newts
  A quokka zombie (D:5)
  6 rats
  A fungus (Lair:1)
202 creatures vanquished.

Vanquished Creatures (others)
  An orange crystal statue (D:2)
1 creature vanquished.

Grand Total: 203 creatures vanquished

Notes
Turn   | Place    | Note
--------------------------------------------------------------
     0 | D:1      | sdOOK the Human Fighter began the quest for the Orb.
     0 | D:1      | Reached XP level 1. HP: 18/18 MP: 1/1
   173 | D:1      | Reached XP level 2. HP: 24/24 MP: 2/2
   479 | D:1      | Reached XP level 3. HP: 29/29 MP: 3/3
  1609 | D:2      | Reached skill level 1 in Dodging
  1609 | D:2      | Reached XP level 4. HP: 20/35 MP: 4/4
  2126 | D:2      | Found a glowing golden altar of the Shining One.
  2139 | D:2      | Became a worshipper of the Shining One
  2825 | D:2      | Reached XP level 5. HP: 30/41 MP: 5/5
  2943 | D:2      | Found an oddly glowing altar of Pakellas.
  2943 | D:2      | Noticed an orange crystal statue
  2944 | D:2      | Noticed a troll
  2955 | D:2      | Killed an orange crystal statue
  3796 | D:3      | Found a deep blue altar of Sif Muna.
  3910 | D:3      | Found a basalt altar of Yredelemnul.
  4143 | D:3      | Noticed Ijyb
  4168 | D:3      | Killed Ijyb
  4168 | D:3      | Reached XP level 6. HP: 43/47 MP: 6/6
  4600 | D:4      | Reached skill level 1 in Maces & Flails
  4604 | D:4      | Reached skill level 4 in Shields
  4774 | D:4      | Noticed Duvessa
  4775 | D:4      | Noticed Dowan
  4790 | D:4      | Killed Duvessa
  4790 | D:4      | Reached XP level 7. HP: 32/54 MP: 7/7
  4802 | D:4      | Killed Dowan
  4878 | D:4      | Noticed Robin
  4896 | D:4      | Killed Robin
  5385 | D:5      | Entered Level 5 of the Dungeon
  5386 | D:5      | Noticed Grinder
  5408 | D:5      | Paralysed by Grinder for 4 turns
  5760 | D:5      | Killed Grinder
  5760 | D:5      | Reached skill level 5 in Shields
  5760 | D:5      | Reached XP level 8. HP: 47/60 MP: 8/8
  5768 | D:5      | Reached * piety under the Shining One
  6088 | D:5      | Noticed Xelenos's ghost (novice MiCK)
  6098 | D:5      | Killed Xelenos's ghost
  6098 | D:5      | Reached skill level 6 in Shields
  6211 | D:5      | Found a stormy altar of Qazlal.
  6596 | D:6      | Found a shattered altar of Ashenzari.
  6652 | D:6      | Reached XP level 9. HP: 35/66 MP: 9/9
  6752 | D:6      | Found a radiant altar of Vehumet.
  6793 | D:6      | You fall through a shaft for 2 floors!
  6817 | D:8      | Reached skill level 5 in Maces & Flails
  6909 | D:8      | Reached ** piety under the Shining One
  6936 | D:8      | Noticed a two-headed ogre
  6944 | D:8      | Killed a two-headed ogre
  6944 | D:8      | Reached skill level 5 in Armour
  6944 | D:8      | Reached skill level 7 in Shields
  7350 | D:8      | Reached skill level 1 in Throwing
  7371 | D:8      | Reached skill level 5 in Fighting
  7419 | D:8      | Reached skill level 8 in Shields
  7438 | D:8      | Noticed a troll
  7447 | D:8      | Killed a troll
  7447 | D:8      | Reached XP level 10. HP: 46/74 MP: 10/10
  7918 | D:10     | Entered Level 10 of the Dungeon
  8397 | D:10     | Reached skill level 9 in Shields
  8550 | D:10     | Noticed an unseen horror
  8558 | D:10     | Killed an unseen horror
  8742 | D:10     | Noticed an unseen horror
  8763 | D:10     | Killed an unseen horror
  8763 | D:10     | Reached skill level 5 in Dodging
  8870 | D:11     | Found a staircase to the Lair.
  8870 | D:11     | Noticed an elephant
  8924 | Lair:1   | Entered Level 1 of the Lair of Beasts
  9097 | Lair:3   | Noticed a black mamba
  9109 | Lair:3   | The Shining One protects you from harm!
  9111 | Lair:3   | Slain by a black mamba

Skill      XL: |  1  2  3  4  5  6  7  8  9 10 |
---------------+-------------------------------+-----
Dodging        | 1 2 3 4 5 |  5.0
Armour         | 4 5 6 |  6.1
Maces & Flails | 2 3 4 6 8 |  8.1
Shields        | 4 5 6 8 9 |  9.9
Fighting       | 4 5 |  5.5
Throwing       | 1 |  1.2
Long Blades    | |  2.6
Polearms       | |  0.6

Action                   |  1- 3 |  4- 6 |  7- 9 | 10-12 || total
-------------------------+-------+-------+-------+-------++-------
Melee: Long sword        |    88 |    97 |       |       ||   185
       Spear             |    60 |       |       |       ||    60
       Dagger            |     2 |       |       |       ||     2
       Flail             |       |    90 |   325 |   177 ||   592
Throw: Stone             |    32 |    23 |       |       ||    55
       Tomahawk          |       |       |     4 |     8 ||    12
Evoke: Wand              |       |       |     3 |       ||     3
  Use: Scroll            |     3 |     8 |     6 |       ||    17
       Potion            |     2 |     3 |     7 |     1 ||    13
 Stab: Invisible         |     1 |       |       |       ||     1
  Eat: Chunk             |     3 |     1 |     3 |     1 ||     8
       Bread ration      |       |     1 |     1 |     1 ||     3
       Meat ration       |       |     1 |       |       ||     1
       Beef jerky        |       |       |     1 |       ||     1
Armor: Scale mail        |    63 |    97 |   101 |       ||   261
       Skin              |       |    12 |       |       ||    12
       Chain mail        |       |       |    99 |   142 ||   241
Dodge: Dodged            |    41 |    67 |   119 |    95 ||   322
Block: Shield            |    83 |    84 |   250 |   205 ||   622
